Map: Lerilak Crest

Players

OmegaAlpha

  • Race: Protoss Protoss
  • League: Gold

LilDicky - Winner!

  • Race: Terran Terran
  • League: Diamond

VOD

http://www.twitch.tv/tumescentpie

Description

Time

  • Played on: Dec. 1, 2015, 8:07 p.m.
  • Length: 7:57
Show
View Real Time Build Order
Export as new Build Order

OmegaAlpha Protoss 

Build Orders:  

Get SALT Encoding   

  12  0:02  Probe (Chrono Boost)  
  14  0:14  Probe (Chrono Boost)  
  14  0:20  Pylon  
  14  0:25  Probe (Chrono Boost)  
  15  0:38  Probe (Chrono Boost)  
  15  0:42  Gateway  
  16  0:49  Probe (Chrono Boost)  
  17  0:56  Gateway  
  17  1:00  Probe (Chrono Boost)  
  18  1:07  Pylon  
  19  1:11  Probe (Chrono Boost)  
  19  1:16  Assimilator  
  19  1:24  Gateway  
  19  1:28  Probe (Chrono Boost)  
  19  1:31  Zealot  
  22  1:39  Probe (Chrono Boost)  
  23  1:48  Cybernetics Core  
  23  1:56  Assimilator  
  23  2:03  Pylon, Zealot  
  23  2:07  Zealot  
  27  2:15  Zealot  
  30  2:22  Probe (Chrono Boost)  
  30  2:25  Warp Gate (Chrono Boost)  
  30  2:34  Probe  
  31  2:38  Zealot  
  31  2:40  Zealot  
  35  2:45  Stalker  
  37  2:53  Pylon  
  37  3:03  Pylon  
  37  3:13  Zealot  
  37  3:14  Stalker  
  35  3:33  Stalker  
  37  3:37  Forge  
  35  3:56  Probe  
  36  4:09  Probe  
  37  4:21  Probe  
  35  4:33  Probe  
  36  4:45  Probe  
  37  4:57  Probe  
  36  5:01  Photon Cannon  
  36  5:05  Photon Cannon  
  36  5:09  Probe  
  37  5:21  Probe  
  20  5:43  Nexus  
  20  5:54  Pylon  
  20  6:03  Probe  
  21  6:15  Probe  
  20  6:19  Stalker x2  
  20  6:20  Stalker  
  26  6:27  Probe  
Show
View Real Time Build Order
Export as new Build Order

LilDicky Terran - Winner!

Build Orders: MMM Bio 

Get SALT Encoding   

  12  0:01  SCV  
  13  0:13  SCV  
  14  0:17  Supply Depot  
  14  0:25  SCV  
  15  0:30  Refinery  
  15  0:39  SCV  
  16  0:45  Barracks  
  16  0:53  SCV  
  17  1:05  SCV  
  18  1:17  SCV  
  19  1:34  Orbital Command  
  19  1:37  Supply Depot, Marine  
  20  1:54  Factory  
  20  1:56  Marine  
  20  2:00  SCV  
  22  2:04  Barracks  
  22  2:10  Barracks  
  22  2:20  Barracks Reactor  
  22  2:22  SCV  
  23  2:23  Refinery  
  23  2:34  SCV  
  23  2:35  Supply Depot  
  24  2:46  SCV  
  24  2:47  Widow Mine  
  27  2:57  Barracks Tech Lab x2  
  26  2:58  Marine  
  26  2:59  SCV, Marine  
  29  3:07  Supply Depot  
  29  3:14  Engineering Bay  
  29  3:17  Stimpack  
  33  3:34  Combat Shields  
  33  3:35  Marine x2  
  33  3:36  Marine  
  33  3:37  SCV  
  33  3:38  Marine  
  34  3:49  SCV  
  35  4:08  Bunker, Marine x3  
  35  4:09  Marine  
  38  4:11  Bunker  
  38  4:12  Bunker  
  38  4:14  SCV  
  39  4:27  Marauder x2  
  39  4:29  Marine  
  44  4:43  Marine  
  45  4:47  Marine  
  46  4:54  Supply Depot  
  46  4:55  Marauder  
  48  5:00  Marauder  
  50  5:09  Marine  
  51  5:16  Marauder  
  52  5:23  Concussive Shells  
  46  5:43  Widow Mine  
  46  5:45  Marine x2  
  46  5:46  Marauder x2  
  54  5:53  Supply Depot  
  54  5:58  SCV  
  54  5:59  Missile Turret  
  54  6:02  Missile Turret  
  54  6:03  Marine  
  56  6:06  Missile Turret, Marine  
  56  6:07  Marauder  
  59  6:32  Marine x2  
  60  6:33  Marauder  
  60  6:37  Marine  
  53  7:34  Marine x2  
  53  7:35  Marauder, Marine  
Tags
 
Add a new tag
Caveats
  • Supply blocks, unpowered buildings, or Contaminate may cause inaccurate times.
  • Supply counts are checked every 10 seconds.